 Dungeon Crawl Stone Soup version 0.31-a0-1163-gcee99d1eea (webtiles) character file.

Game seed: 10329153080750009181

122 James the Ruffian (level 5, -1/34 HPs)
             Began as an Octopode Shapeshifter on Dec 9, 2023.
             Slain by an adder (2 damage)
             ... on level 2 of the Dungeon.
             The game lasted 00:03:58 (1698 turns).

James the Ruffian (Octopode Shapeshifter)           Turns: 1698, Time: 00:03:59

Health: -1/34      AC:  1    Str: 16    XL:     5   Next: 6%
Magic:  5/5        EV: 13    Int: 12    God:
Gold:   115        SH:  0    Dex: 11    Spells: 4/4 levels left

rFire   + .          .
                       - Unarmed
rCold   + . .        (no shield)
rNeg    . . .        (helmet currently unavailable)
rPois   +            (no amulet)
rElec   +            (no ring)
rCorr   +            (no ring)
SInv    .            (no ring)
Will    .....        (no ring)
Stlth   ++           (no ring)
HPRegen 0.25/turn    (no ring)
MPRegen 0.09/turn    (no ring)
                     (no ring)

%: no passive effects
@: lethally poisoned (-1 -> -5), beast-form, resistant
A: beast (slay +1), almost no armour, amphibious, 8 rings, camouflage 1,
gelatinous body 1, (nimble swimmer 1), tentacles
a: Begin Untransformation


You were on level 2 of the Dungeon.
You were a hulking beast.
You visited 1 branch of the dungeon, and saw 3 of its levels.

You collected 115 gold pieces.

Inventory:

Hand Weapons
 b - a +0 sling
   (You found it on level 1 of the Dungeon)
Missiles
 g - 41 stones
 k - 3 poisoned darts
Armour
 h - a +0 kite shield
   (You found it on level 1 of the Dungeon)
Talismans
 c - a flux talisman
 f - a beast talisman
Scrolls
 d - a scroll of enchant weapon {unknown}
 i - 3 scrolls of identify {unknown}
 l - a scroll of fear {unknown}
 m - a scroll of teleportation {unknown}
Potions
 a - a potion of lignification {!q}
 e - a potion of magic {unknown}
 j - a potion of resistance


   Skills:
 - Level 2.0 Fighting
 - Level 2.0 Dodging
 - Level 5.0 Unarmed Combat
 + Level 3.3 Shapeshifting


You had 4 spell levels left.
You didn't know any spells.
Your spell library contained the following spells:

 Spells                   Type           Power      Damage    Failure   Level
 Poisonous Vapours        Pois/Air       0%         N/A       45%         2
 Mephitic Cloud           Conj/Pois/Air  0%         N/A       69%         3
 Freezing Cloud           Conj/Ice/Air   0%         6-21      100%        5


Dungeon Overview and Level Annotations

Branches:
Dungeon (3/15)

Altars:

Annotations:
D:2 1 runed translucent door, Crazy Yiuf


Innate Abilities, Weirdness & Mutations

You are a hulking beast.
Your limbs bulge with bestial killing power. (Slay +1)
You cannot wear most types of armour.
You are amphibious.
You can wear up to eight rings at the same time.
Your skin changes colour to match your surroundings (Stealth+).
Your rubbery body absorbs attacks. (AC +1, EV +1)
((You are camouflaged when in or above water. (Stealth+)))
You have tentacles for arms and can constrict up to eight enemies at once.


Message History

Things that are here:
a +0 club; a +0 leather armour; an orc corpse You start resting.
You feel sick. x4
You are no longer poisoned.
You start resting.
There is a stone staircase leading down here.
You climb downwards.
The orc closely misses you. The orc barely misses you.
The orc hits you with a +0 short sword.
There is a stone staircase leading up, spattered with blood here.
The orc hits you with a +0 hand axe. The orc barely misses you.
You climb upwards.
Level annotation: 1 runed translucent door, Crazy Yiuf An adder comes into view.
There is a stone staircase leading down here.
The adder hisses angrily.
You tentacle-slap the orc but do no damage.
Your grab misses the orc. The orc hits you with a +0 hand axe.
The orc hits you with a +0 short sword.
You closely miss the orc. Your grab misses the orc. The orc closely misses you.
You tentacle-slap the orc. Your grab misses the orc.
The orc hits you with a +0 short sword.
* * * LOW HITPOINT WARNING * * *
The orc hits you with a +0 hand axe.
* * * LOW HITPOINT WARNING * * *
You closely miss the orc. You grab the orc. You squeeze the orc.
You constrict the orc, but do no damage.
The orc barely misses you.
Unknown command.
You tentacle-slap the orc but do no damage.
You constrict the orc.
You kill the orc!
The orc misses you.
You bludgeon the orc!
You kill the orc!
The adder bites you.
* * * LOW HITPOINT WARNING * * *
The adder bites you.
* * * LOW HITPOINT WARNING * * *
You are lethally poisoned!
The adder poisons you!
Unknown command.
You tentacle-slap the adder. Your grab misses the adder.
* * * LOW HITPOINT WARNING * * *
You feel sick. The adder bites you.
* * * LOW HITPOINT WARNING * * *
It was a potion of resistance.
You feel protected.
* * * LOW HITPOINT WARNING * * *
You feel sick. The adder bites you.
You die...

.)...#####.#.###
####.......#.#
#.....###.########
#.....#..........#######
#.....#................#
##....#..........#####.#
#....#................#
######.....)....#######
####### #......h[..#
......# #.....S.)..#
......# #..........#
......####..........#
..................###
......#...#########
......#...# ..........#
..........#


You could see an adder.

Vanquished Creatures
  Robin (D:2)
  4 adders
  3 orcs (D:2)
  7 ball pythons
  3 endoplasms
  2 giant cockroaches (D:1)
  14 goblins
  5 hobgoblins
  6 jackals (D:3)
  5 kobolds
  4 bats
  9 frilled lizards
  6 rats
69 creatures vanquished.

Notes
Turn   | Place    | Note
-------+----------+-------------------------------------------
     0 | D:1      | James the Octopode Shapeshifter began the quest for the
                  | Orb.
     0 | D:1      | Reached XP level 1. HP: 13/13 MP: 1/1
   257 | D:1      | Reached XP level 2. HP: 18/18 MP: 2/2
   475 | D:1      | Reached skill level 4 in Unarmed Combat
   527 | D:1      | Reached XP level 3. HP: 23/23 MP: 3/3
   976 | D:2      | Found a faded altar of an unknown god.
  1075 | D:2      | Noticed Robin
  1087 | D:2      | Reached XP level 4. HP: 26/28 MP: 4/4
  1091 | D:2      | Killed Robin
  1094 | D:2      | Reached skill level 5 in Unarmed Combat
  1355 | D:2      | Found a runed translucent door.
  1356 | D:2      | Noticed Crazy Yiuf
  1585 | D:3      | Reached XP level 5. HP: 25/34 MP: 5/5
  1698 | D:2      | HP: 1/34 [poisoned by an adder]
  1698 | D:2      | Slain by an adder

Illustrated notes

Levels and vault maps discovered:
D:1:      dpeg_arrival_pits, layout_loops_ring, minmay_lizard_king
D:2:      layout_basic, shapermc_ecumenical_altar_acropolis, uniq_robin,
          uniq_crazy_yiuf_cottage
D:3:      layout_basic, lightli_temple_of_fire,
          mainiacjoe_overflow_six_doors_small, nicolae_vehumet_radiance,
          serial_shops, nicolae_shop_hallway_plus, nicolae_grassy_gnolls

Skill      XL: |  1  2  3  4 |
---------------+-------------+-----
Unarmed Combat | 4 5 |  5.0
Fighting       | 2 |  2.0
Dodging        | |  2.0
Shapeshifting  | |  3.3

Action                     |  1- 3 |  4- 6 || total
---------------------------+-------+-------++-------
  Melee: Unarmed           |    36 |    46 ||    82
         Tentacles         |     9 |     7 ||    16
         Constrict         |     6 |    12 ||    18
         Punch             |       |     3 ||     3
   Fire: Sling             |    41 |    19 ||    60
    Use: Potion            |       |     1 ||     1
   Stab: Sleeping          |     1 |       ||     1
 Armour: Skin              |    16 |    22 ||    38
  Dodge: Dodged            |    24 |    29 ||    53

Table legend: (Time is in decaauts)
 A = Elapsed time spent in this place.
 B = Non-inter-level travel time spent in this place.
 C = Inter-level travel time spent in this place.
 D = Time resting spent in this place.
 E = Time spent auto-exploring this place.
 F = Levels seen in this place.
 G = Mean time per level.
                   A        B        C        D        E       F      G
               +--------+--------+--------+--------+--------+-----+--------+
         Total |   1704 |   1594 |    110 |    104 |   1113 |   3 |  568.0 |
       Dungeon |   1704 |   1594 |    110 |    104 |   1113 |   3 |  568.0 |
               +--------+--------+--------+--------+--------+-----+--------+

Top non-repeatable levels by time:
     D:1: 933 daAuts
     D:2: 711 daAuts
     D:3: 58 daAuts
